 Dungeon Crawl Stone Soup version 0.28-a0-969-g2dcde036d2 (webtiles) character file.

Game seed: 550426289593810978

55 Decritt the Skirmisher (level 3, 0/30 HPs)
             Began as a Demonspawn Abyssal Knight on Dec 1, 2021.
             Was a Believer of Lugonu.
             Slain by Jessica (6 damage)
             ... on level 2 of the Dungeon.
             The game lasted 00:07:29 (2338 turns).

Decritt the Skirmisher (Demonspawn Abyssal Knight)  Turns: 2338, Time: 00:07:30

Health: 0/30       AC:  7    Str: 15    XL:     3   Next: 67%
Magic:  0/4        EV: 11    Int: 11    God:    Lugonu [**....]
Gold:   110        SH:  0    Dex: 13    Spells: 2/2 levels left

rFire   . . .      SeeInvis .   m - +0 great sword
rCold   . . .      Faith    .   (shield currently unavailable)
rNeg    . . .      Spirit   +   e - +0 scale mail
rPois   .          Reflect  .   h - +0 helmet
rElec   .          Harm     .   (no cloak)
rCorr   .          Rampage  .   (no gloves)
Will    .....                   (no boots)
Stlth   ..........              i - amulet of guardian spirit
HPRegen 0.10/turn               (no ring)
MPRegen 0.09/turn               (no ring)

@: no status effects
A: repulsion field 1
a: Renounce Religion, Depart the Abyss, Bend Space


You were on level 2 of the Dungeon.
You worshipped Lugonu.
Lugonu was pleased with you.
You visited 1 branch of the dungeon, and saw 2 of its levels.
You visited the Abyss 1 time.

You collected 110 gold pieces.

Inventory:

Hand Weapons
 a - a +1 falchion
 m - a +0 great sword (weapon)
Armour
 b - a +0 leather armour
 e - a +0 scale mail (worn)
 h - a +0 helmet (worn)
Jewellery
 f - an amulet of faith
 i - an amulet of guardian spirit (around neck)
Wands
 j - a wand of polymorph (4)
Scrolls
 c - 3 scrolls of teleportation {unknown}
 d - 2 scrolls of identify {unknown}
 l - a scroll of fog {unknown}
Potions
 g - a potion of curing {unknown}
 k - a potion of attraction {unknown}


   Skills:
 * Level 3.8 Fighting
 + Level 2.2 Long Blades
 + Level 2.2 Armour
 + Level 1.5 Dodging
 - Level 2.4 Invocations


You had 2 spell levels left.
You didn't know any spells.
Your spell library was empty.

Dungeon Overview and Level Annotations

Branches:
Dungeon (2/15)

Altars:

Shops:
D:1 [   D:2 !

Annotations:
D:2 Jessica


Innate Abilities, Weirdness & Mutations

You are surrounded by a mild repulsion field. (EV +2)


Message History

You hit Jessica.
Jessica is heavily wounded.
Jessica misses you.
Jessica casts a spell.
Jessica blinks!
You hit the worm but do no damage.
Jessica gestures wildly while chanting.
Jessica blinks!
Jessica mumbles some strange words.
Jessica blinks!
The worm barely misses you.
You slash the worm!
The worm is heavily wounded.
The worm bites you.
* * * LOW HITPOINT WARNING * * *
You barely miss the worm.
The worm is moderately wounded.
You slash the worm!
You kill the worm!
Lugonu accepts your kill. Jessica barely misses you.
Jessica shouts, "You are a ghastly nuisance!"
Jessica hits you but does no damage.
You hit Jessica but do no damage.
Jessica is moderately wounded.
Jessica mumbles some strange words.
Jessica blinks!
Jessica grins evilly.
Jessica closely misses you. x2
You closely miss Jessica.
Jessica is moderately wounded.
Jessica hits you with a +0 club.
* * * LOW HITPOINT WARNING * * *
Jessica hits you with a +0 club.
* * * LOW HITPOINT WARNING * * *
You barely miss Jessica.
Jessica is moderately wounded.
Jessica closely misses you. Jessica hits you with a +0 club.
* * * LOW HITPOINT WARNING * * *
Jessica hits you with a +0 club.
You die...

# #.# .. .. #.
#. #. . #.
...###.
.......#########
.......†...@@..#
...###########.#
#.# #.# #.#
##+## #.#
##...## #.#
##.....## ####.#
##.......##
###.##.####


You could see Jessica (fast).

Vanquished Creatures
  An adder (D:2)
  A worm (D:2)
  A dart slug (D:1)
  2 endoplasms
  6 goblins
  4 hobgoblins
  2 jackals (D:1)
  A quokka (D:1)
  3 ball pythons (D:1)
  3 bats
  4 frilled lizards
  5 kobolds
  9 rats
42 creatures vanquished.

Notes
Turn   | Place    | Note
-------+----------+-------------------------------------------
     0 | Abyss:1  | Decritt the Demonspawn Abyssal Knight began the quest for
                  | the Orb.
     0 | Abyss:1  | Reached XP level 1. HP: 18/18 MP: 2/2
    77 | Abyss:1  | Found a corrupted altar of Lugonu.
    84 | D:1      | Escaped the Abyss
   182 | D:1      | Reached skill level 1 in Dodging
   349 | D:1      | Gained mutation: You are surrounded by a mild repulsion
                  | field. (EV +2) [demonic ancestry]
   349 | D:1      | Reached XP level 2. HP: 18/24 MP: 3/3
   604 | D:1      | Reached ** piety under Lugonu
   991 | D:1      | Found Caotzaimp's Armour Shop.
  1219 | D:2      | Reached XP level 3. HP: 29/29 MP: 4/4
  1318 | D:2      | Found Atomm's Distillery.
  2314 | D:2      | Noticed Jessica
  2338 | D:2      | Slain by Jessica

Illustrated notes

Levels and vault maps discovered:
D:1:      heliophobic_arrival_ceremonial_halls, layout_basic, serial_shops,
          nicolae_shop_hallway_stairs, corexii_corridor_pit
D:2:      layout_loops_corners, serial_shops, nicolae_shop_hallway_stairs,
          uniq_jessica

Skill      XL: |  1  2 |
---------------+-------+-----
Dodging        | 1 |  1.5
Long Blades    | 2 |  2.2
Armour         | 2 |  2.2
Fighting       | |  3.8
Invocations    | |  2.4

Action                   || total
-------------------------++-------
Melee: Falchion          ||   125
       Great sword       ||    14
 Stab: Sleeping          ||     1
Armor: Leather armour    ||     8
       Scale mail        ||    34
Dodge: Dodged            ||    83

Table legend: (Time is in decaauts)
 A = Elapsed time spent in this place.
 B = Non-inter-level travel time spent in this place.
 C = Inter-level travel time spent in this place.
 D = Time resting spent in this place.
 E = Time spent auto-exploring this place.
 F = Levels seen in this place.
 G = Mean time per level.
                   A        B        C        D        E       F      G
               +--------+--------+--------+--------+--------+-----+--------+
         Total |   2369 |   2320 |     49 |    312 |   1581 |   3 |  789.7 |
       Dungeon |   2285 |   2236 |     49 |    312 |   1522 |   2 | 1142.5 |
         Abyss |     84 |     84 |      0 |      0 |     59 |   1 |   84.0 |
               +--------+--------+--------+--------+--------+-----+--------+

Top non-repeatable levels by time:
     D:1: 1146 daAuts
     D:2: 1138 daAuts
 Abyss:1: 84 daAuts
